 Dungeon Crawl Stone Soup version 0.28-a0-1234-g826d19b2e0 (webtiles) character file.

Game seed: 6900944908234210406

112796 Ulas the Unseen (level 16, -84/84 HPs)
             Began as a Spriggan Enchanter on Dec 23, 2021.
             Was a High Priest of Dithmenos.
             Killed from afar by Nikola (94 damage)
             ... with an arc of chain lightning
             ... on level 1 of the Shoals on Dec 24, 2021.
             The game lasted 01:34:48 (33652 turns).

Ulas the Unseen (Spriggan Enchanter)               Turns: 33652, Time: 01:34:48

Health: -84/84     AC: 14    Str: 15    XL:     16   Next: 12%
Magic:  36/36      EV: 27    Int: 24    God:    Dithmenos [*****.]
Gold:   2156       SH:  0    Dex: 17    Spells: 29/46 levels left

rFire   + . .      SeeInvis +   f - +9 quick blade of Desperation {venom, rF- Int+4 Stlth+}
rCold   . . .      Faith    .   (shield restricted)
rNeg    . . .      Spirit   .   C - +1 steam dragon scales
rPois   .          Reflect  .   a - +0 hat of the Rambutan {rF+}
rElec   .          Harm     .   n - +1 cloak
rCorr   .          Rampage  .   (gloves unavailable)
Will    +++..                   (boots unavailable) Stlth ********++
                                t - amulet of regeneration
HPRegen 1.04/turn               T - +4 ring of protection
MPRegen 0.25/turn               v - ring "Cuoxant" {rF+ Will+ Str+5 Int+3 Stlth+}

@: mighty, wreathed by umbra, studying Armour, very quick
A: very small, no large weapons, unfitting armour, see invisible, speed 3,
antennae 1, iridescent scales 1, camouflage 1
a: Renounce Religion, Shadow Step, Shadow Form


You were on level 1 of the Shoals.
You worshipped Dithmenos.
Dithmenos was extremely pleased with you.
You visited 5 branches of the dungeon, and saw 25 of its levels.
You also visited: Gauntlet and Volcano.

You collected 2857 gold pieces.
You spent 701 gold pieces at shops.

Inventory:

Hand Weapons
 f - the +9 quick blade of Desperation (weapon) {venom, rF- Int+4 Stlth+}
   (You acquired it on level 3 of the Dungeon)

   It poisons the flesh of those it strikes.
   Int:       It affects your intelligence (+4).
   rF:        It makes you vulnerable to fire.
   Stlth:     It makes you more stealthy.
 L - a +3 rapier of speed
 M - the +9 rapier of Compound Interest {venom, rN+ Will+ Int+2}
   (You found it on level 12 of the Dungeon)

   It poisons the flesh of those it strikes.
   Int:       It affects your intelligence (+2).
   rN:        It protects you from negative energy.
   Will:      It increases your willpower.
Missiles
 d - 5 curare-tipped darts (quivered)
 e - 3 throwing nets
 l - 105 poisoned darts
Armour
 a - the +0 hat of the Rambutan (worn) {rF+}
   (You acquired it on level 13 of the Dungeon)

   rF:        It protects you from fire.
 n - a +1 cloak (worn)
 C - +1 steam dragon scales (worn)
Jewellery
 k - a ring of protection from fire
 t - an amulet of regeneration (around neck)
 v - the ring "Cuoxant" (right hand) {rF+ Will+ Str+5 Int+3 Stlth+}
   (You took it off a minotaur in a Gauntlet)

   [ring of willpower]

   Str:       It affects your strength (+5).
   Int:       It affects your intelligence (+3).
   rF:        It protects you from fire.
   Will:      It increases your willpower.
   Stlth:     It makes you more stealthy.
 z - a ring of ice
 A - a +6 ring of strength
 D - a ring of protection from cold
 J - a ring of wizardry
 T - a +4 ring of protection (left hand)
Wands
 i - a wand of flame (8)
 s - a wand of acid (1)
 w - a wand of iceblast (14)
 B - a wand of polymorph (25)
 F - a wand of digging (20)
Scrolls
 c - 2 scrolls of fear
 j - 3 scrolls of teleportation
 p - a scroll of blinking
 q - 3 scrolls of magic mapping
 u - 3 scrolls of fog
 y - 10 scrolls of identify
 N - 3 scrolls of enchant weapon
 O - a scroll of summoning
 P - a scroll of holy word
 S - a scroll of brand weapon
 W - a scroll of enchant armour
 Y - 2 scrolls of amnesia
Potions
 b - 2 potions of resistance
 g - a potion of lignification
 o - 2 potions of flight
 r - 7 potions of curing
 E - a potion of mutation
 G - 4 potions of brilliance
 H - a potion of haste
 K - a potion of might
 Q - a potion of attraction
 R - 4 potions of cancellation
 V - 2 potions of magic
 X - a potion of invisibility
Miscellaneous
 m - a phantom mirror (inert)
 x - a phial of floods
 I - a box of beasts (inert)


   Skills:
 + Level 9.2 Fighting
 + Level 11.8 Short Blades
 + Level 14.3 Dodging
 + Level 19.5 Stealth
 + Level 15.8 Spellcasting
 + Level 16.0 Hexes
 - Level 4.5 Summonings


You had 29 spell levels left.
You knew the following spells:

 Your Spells              Type           Power      Damage    Failure   Level
a - Ensorcelled Hibernat  Hex/Ice        100%       N/A       1%          2
b - Tukima's Dance        Hex            77%        N/A       0%          3
c - Dazzling Flash        Conj/Hex       100%       N/A       1%          3
d - Summon Guardian Gole  Hex/Summ       62%        N/A       1%          3
e - Summon Mana Viper     Hex/Summ       62%        N/A       1%          5
f - Apportation           Tloc           38%        N/A       3%          1

Your spell library contained the following spells:

 Spells                   Type           Power      Damage    Failure   Level
 Confusing Touch          Hex            77%        N/A       0%          3
 Summon Small Mammal      Summ           100%       N/A       1%          1
 Call Imp                 Summ           41%        N/A       1%          2
 Animate Skeleton         Necr           38%        N/A       3%          1
 Magic Dart               Conj           76%        1d6       3%          1
 Pain                     Necr           76%        1d7       3%          1
 Sandblast                Erth           38%        2d10      3%          1
 Silence                  Hex/Air        27%        N/A       3%          5
 Passwall                 Tmut/Erth      15%        N/A       4%          2
 Static Discharge         Conj/Air       19%        N/A       4%          2
 Sublimation of Blood     Necr           19%        N/A       4%          2
 Wereblood                Tmut           19%        N/A       4%          2
 Conjure Flame            Conj/Fire      19%        6-21      9%          3
 Ignite Poison            Fire/Tmut/Pois 19%        N/A       9%          3
 Mephitic Cloud           Conj/Pois/Air  19%        N/A       9%          3
 Stone Arrow              Conj/Erth      38%        3d9       9%          3
 Summon Ice Beast         Ice/Summ       30%        N/A       11%         4
 Dispel Undead            Necr           19%        3d11      28%         4
 Sticky Flame             Conj/Fire      19%        2d4       28%         4
 Agony                    Necr           19%        N/A       63%         5
 Alistair's Intoxication  Tmut/Pois      12%        N/A       63%         5
 Excruciating Wounds      Necr           9%         N/A       63%         5
 Freezing Cloud           Conj/Ice/Air   9%         6-21      63%         5
 Monstrous Menagerie      Summ           20%        N/A       98%         7
 Summon Hydra             Summ           20%        N/A       98%         7
 Simulacrum               Ice/Necr       9%         N/A       99%         6
 Orb of Destruction       Conj           9%         9d4       100%        7
 Spellforged Servitor     Conj/Summ      15%        N/A       100%        7
 Polar Vortex             Ice            9%         N/A       100%        9


Dungeon Overview and Level Annotations

Branches:
Dungeon (15/15)            Temple (1/1) D:4            Lair (6/6) D:8
 Shoals (1/4) Lair:2       Spider (0/4) Lair:2        Slime (0/5) Lair:6
    Orc (2/2) D:12            Elf (0/3) Orc:2        Vaults (0/5) D:13
 Depths (0/4) D:15        Volcano (visited)         Gauntlet (visited)

Altars:
Ashenzari
Cheibriados
Dithmenos
Elyvilon
Fedhas
Gozag
Hepliaklqana
Kikubaaqudgha
Makhleb
Nemelex Xobeh
Okawaru
Qazlal
Ru
Sif Muna
Trog
Uskayaw
Vehumet
Wu Jian
Xom
Yredelemnul
Zin
The Shining One
Beogh

Shops:
D:4 ?   D:5 =   D:7 *   D:12 [   D:13 (   Orc:2 [[:*

Portals:
Trove: D:11 (give +4 fire dragon scales)

Annotations:
Shoals:1 Nikola


Innate Abilities, Weirdness & Mutations

You are very small and have problems with some larger weapons.
You are too small for most types of armour.
You have supernaturally acute eyesight. (SInv)
You cover ground extremely quickly. (Speed+++)
You have a pair of small antennae on your head.
You are partially covered in iridescent scales. (AC +2)
Your skin changes colour to match your surroundings (Stealth+).


Message History

Unknown command.
Unknown command.
Unknown command.
Unknown command.
Aiming: Iceblast
Press: ? - help, Shift-Dir - straight line, f/p - snapping turtle
Aim: a snapping turtle (black smoke, almost dead, covered in acid, umbra)
The mass of ice explodes!
The iceblast engulfs the snapping turtle!!
You kill the snapping turtle!
Dithmenos accepts your kill.
The iceblast engulfs Nikola!
Nikola is heavily wounded.
Aiming: Iceblast
Press: ? - help, Shift-Dir - straight line, f - Nikola
Aim: Nikola, wielding a +0 rapier of electrocution, wearing a +0 cloak of preservation and wearing a +0 pair of gloves (heavily wounded, very poisoned, umbra)
The mass of ice explodes!
The iceblast engulfs Nikola!
Nikola is heavily wounded.
Nikola warns, "If you see one of my golems, approach with caution, they bite."
Unknown command.
Unknown command.
Unknown command.
You feel very mighty all of a sudden.
Nikola points at you and mumbles some strange words.
The bolt of lightning hits you!!
* * * LOW HITPOINT WARNING * * *
You emit a cloud of dark smoke.
Unknown command.
Okay, then.
Unknown command.
Unknown command.
You hit Nikola but do no damage.
Nikola is heavily wounded.
Your shadow hits Nikola with a quick blade.
You puncture Nikola!
Nikola looks as sick as possible!
Nikola is heavily wounded.
Nikola mumbles some strange words.
Lightning arcs from Nikola's hands!
The bolt of lightning hits you!!!!
Ouch! That really hurt!
You die...

...≈.....≈≈≈≈≈≈≈≈≈≈≈^....
≈≈≈≈≈≈.###≈≈≈≈≈≈≈≈≈≈≈≈...
≈≈≈.≈≈§§##.≈≈≈≈≈≈≈≈≈≈≈...
.≈≈.≈≈§§##§≈≈≈≈≈≈≈≈≈≈≈.##
......§§§#.≈≈≈≈≈≈≈≈≈≈≈.).
.≈..#.§≈≈.§≈≈≈≈≈≈≈≈≈≈≈≈..
≈≈. ##§†§≈§≈≈≈≈≈≈≈≈≈≈≈≈>.
≈. ##§@§..≈≈≈≈≈≈≈≈≈≈≈≈≈ ≈
#§@§.≈≈≈≈≈≈≈≈≈≈≈≈≈≈
#§§§§§≈≈≈≈≈≈≈≈≈≈≈≈≈.
...§§§§≈≈≈≈≈≈≈≈≈≈≈≈≈≈.
≈≈≈.≈≈≈≈≈≈≈≈≈≈≈≈≈≈≈≈≈.≈≈
≈≈≈≈≈≈≈≈≈≈≈≈≈≈≈≈≈≈≈≈≈≈≈≈
≈≈≈≈≈≈≈≈≈≈≈≈≈≈≈ ≈≈≈≈≈≈≈
≈≈≈≈≈≈≈≈≈≈≈≈≈≈≈ ≈≈≈≈≈≈≈
≈≈≈≈≈≈≈≈≈≈≈≈≈≈≈ ≈≈≈≈≈≈≈
≈≈≈≈≈≈≈


You could see Nikola (extremely poisoned).

Vanquished Creatures
  Jorgrun (Orc:2)
  Frances (Shoals:1)
  Donald (Shoals:1)
  Kirke (D:15)
  A minotaur (Gauntlet)
  The ghost of Tist the Cleaver, a journeyman GnWr of Nemelex Xobeh (Orc:1)
  2 rakshasas (D:15)
  A great orb of eyes (D:15)
  6 hydras
  3 boulder beetles
  Erolcha (Orc:2)
  7 centaur warriors
  A merfolk avatar (Shoals:1)
  2 ogre magi
  A merfolk aquamancer (Shoals:1)
  2 dancing weapons (Orc:1)
  8 two-headed ogres
  An alligator snapping turtle (Shoals:1)
  2 catoblepae
  A tengu warrior (D:15)
  10 death yaks
  A deep troll shaman (Lair:6)
  4 orc high priests
  A skeletal warrior (D:13)
  2 sea snakes (Shoals:1)
  2 lindwurms (Volcano)
  4 harpies (Shoals:1)
  3 orc knights
  Pikel (D:7)
  4 deep elf pyromancers
  A faun (Shoals:1)
  A shining eye (shapeshifter) (D:15)
  16 ugly things
  4 cyclopes
  9 manticores
  5 orc sorcerers
  A black mamba (shapeshifter) (D:14)
  A merfolk siren (Shoals:1)
  21 elephants
  2 black mambas
  4 centaur skeletons (D:13)
  2 molten gargoyles (Volcano)
  2 water nymphs (Shoals:1)
  2 gargoyles
  A torpor snail (Lair:6)
  An unseen horror (D:10)
  5 yaktaurs (D:13)
  A kobold demonologist (D:10)
  3 rime drakes
  3 freezing wraiths
  7 cane toads
  2 efreet (Volcano)
  A tengu conjurer (D:15)
  7 komodo dragons
  A yaktaur (shapeshifter) (D:14)
  6 trolls
  A wind drake (Lair:2)
  2 polar bears
  A merfolk (Shoals:1)
  A hornet (D:11)
  20 slime creatures
  Sigmund (D:2)
  A redback (Lair:2)
  53 yaks
  2 vampires
  4 shadows
  6 wyverns
  3 water elementals (Shoals:1)
  2 snapping turtles (Shoals:1)
  A wraith (D:14)
  A fire elemental (Volcano)
  8 basilisks
  4 steam dragons
  6 vampire mosquitoes
  5 wargs
  An acid dragon (D:13)
  13 water moccasins
  19 orc warriors
  Duvessa (D:4)
  A black bear (shapeshifter) (D:15)
  A sky beast (D:7)
  3 black bears
  A hornet zombie (D:6)
  A necrophage (D:6)
  A boggart (D:13)
  11 ogres
  15 wolves
  20 centaurs
  2 phantoms
  2 lemures (D:7)
  4 earth elementals (Volcano)
  7 kobold brigands
  A small abomination (Gauntlet)
  17 bullfrogs
  2 scorpions
  Dowan (D:4)
  A water moccasin skeleton (D:6)
  3 wights (D:9)
  An electric eel (D:10)
  3 centaur zombies
  A jelly (D:5)
  6 hounds
  A bullfrog skeleton (D:5)
  Crazy Yiuf (D:4)
  33 orc priests
  Ijyb (D:4)
  3 iguanas
  26 orc wizards
  4 hell rats (Lair:4)
  A killer bee zombie (D:6)
  A hound skeleton (D:4)
  Robin (D:1)
  A howler monkey skeleton (D:6)
  A white imp (D:7)
  A worm (D:2)
  6 dart slugs
  67 orcs
  10 ball pythons
  5 endoplasms
  12 hobgoblins
  8 jackals
  2 bats (D:2)
  2 frilled lizards
  17 goblins
  16 kobolds
  5 rats
  4 fire vortices
675 creatures vanquished.

Vanquished Creatures (collateral kills)
  A rakshasa (D:15)
  2 two-headed ogres
  An orc high priest (Orc:2)
  An orc sorcerer (Orc:2)
  A merfolk siren (Shoals:1)
  A merfolk (Shoals:1)
  3 orc warriors (Orc:2)
  An ogre (D:13)
  2 wights (D:9)
  2 orc priests (Orc:2)
  An orc wizard (Orc:2)
  7 orcs
  A goblin (D:2)
  A kobold (D:3)
25 creatures vanquished.

Vanquished Creatures (others)
  10 dancing weapons
  2 humans (D:15)
  An orc (Orc:1)
  16 fungi
  86 plants
115 creatures vanquished.

Grand Total: 815 creatures vanquished

Notes
Turn   | Place    | Note
-------+----------+-------------------------------------------
     0 | D:1      | Ulas the Spriggan Enchanter began the quest for the Orb.
     0 | D:1      | Reached XP level 1. HP: 9/9 MP: 5/5
   191 | D:1      | You fall into a shaft and drop 1 floor!
   659 | D:2      | Reached XP level 2. HP: 9/13 MP: 7/7
   662 | D:2      | Learned a level 2 spell: Ensorcelled Hibernation
  1047 | D:2      | Noticed Sigmund
  1097 | D:2      | Killed Sigmund
  1098 | D:2      | Reached skill level 5 in Spellcasting
  1098 | D:2      | Reached skill level 5 in Hexes
  1098 | D:2      | Reached XP level 3. HP: 16/16 MP: 4/10
  1098 | D:2      | Reached XP level 4. HP: 21/21 MP: 4/12
  1098 | D:2      | Reached XP level 5. HP: 24/24 MP: 4/13
  1103 | D:2      | Learned a level 3 spell: Tukima's Dance
  1107 | D:2      | Learned a level 3 spell: Dazzling Flash
  1326 | D:2      | Noticed Robin
  1955 | D:1      | Found a faded altar of an unknown god.
  2066 | D:1      | HP: 1/24 [frozen (4)]
  2926 | D:1      | Killed Robin
  3637 | D:3      | Identified a scroll of acquirement
  3637 | D:3      | Acquired the +9 quick blade of Desperation {venom, rF-
                  | Int+4 Stlth+}
  3759 | D:3      | Reached skill level 5 in Stealth
  4272 | D:3      | Found a radiant altar of Vehumet.
  4465 | D:4      | Reached XP level 6. HP: 28/28 MP: 15/15
  4540 | D:4      | Found a bloodstained altar of Trog.
  4572 | D:4      | Found a staircase to the Ecumenical Temple.
  4628 | D:4      | Found a runed translucent door.
  4629 | D:4      | Noticed Crazy Yiuf
  4636 | D:4      | Killed Crazy Yiuf
  4702 | D:4      | Found Usoypruw's Magic Scroll Emporium.
  4708 | D:4      | Bought a scroll of identify for 22 gold pieces
  4708 | D:4      | Bought a scroll of blinking for 82 gold pieces
  4708 | D:4      | Bought a scroll of identify for 22 gold pieces
  4708 | D:4      | Bought a scroll of magic mapping for 38 gold pieces
  4708 | D:4      | Bought a scroll of identify for 22 gold pieces
  4925 | D:4      | Noticed Ijyb
  4930 | D:4      | Killed Ijyb
  5001 | D:4      | Gained mutation: You have hidden genetic defects. [potion
                  | of mutation]
  5001 | D:4      | Lost mutation: You have hidden genetic defects. [potion of
                  | mutation]
  5001 | D:4      | Gained mutation: You have hidden genetic potential. [potion
                  | of mutation]
  5051 | D:4      | Found a sparkling altar of Nemelex Xobeh.
  5051 | D:4      | Found an iron altar of Okawaru.
  5149 | D:4      | Reached skill level 6 in Stealth
  5273 | D:4      | Noticed Duvessa
  5273 | D:4      | Noticed Dowan
  5275 | D:4      | Killed Dowan
  5365 | D:4      | Killed Duvessa
  5366 | D:4      | Reached XP level 7. HP: 24/32 MP: 17/17
  5564 | D:5      | Entered Level 5 of the Dungeon
  5630 | D:5      | Noticed a shadow
  5639 | D:5      | Killed a shadow
  5640 | D:5      | Reached skill level 7 in Stealth
  5675 | D:5      | Gained mutation: You are partially covered in iridescent
                  | scales. (AC +2) [hidden potential]
  5767 | D:5      | Found Fadopt's Jewellery Shoppe.
  5996 | D:5      | Reached skill level 8 in Stealth
  5999 | D:5      | Reached XP level 8. HP: 12/36 MP: 18/20
  6361 | D:5      | Found a glowing golden altar of the Shining One.
  6363 | D:5      | Noticed an angel
  6807 | D:5      | Found a basalt altar of Yredelemnul.
  6809 | D:5      | Noticed a profane servitor
  7298 | D:6      | Gained mutation: Your skin changes colour to match your
                  | surroundings (Stealth+). [hidden potential]
  7298 | D:6      | Lost mutation: You have hidden genetic potential. [hidden
                  | potential expressed]
  7356 | D:6      | Reached skill level 9 in Stealth
  8007 | D:6      | Reached skill level 10 in Stealth
  8394 | D:7      | Reached XP level 9. HP: 26/39 MP: 21/23
  8706 | D:7      | Found Icziukh's General Store.
  8714 | D:7      | Bought a scroll of teleportation for 39 gold pieces
  8714 | D:7      | Bought a scroll of fog for 26 gold pieces
  8748 | D:7      | Reached skill level 11 in Stealth
  8980 | D:7      | Noticed Pikel
  9009 | D:7      | Killed Pikel
  9010 | D:7      | Reached skill level 10 in Hexes
  9349 | D:8      | Reached skill level 10 in Spellcasting
  9358 | D:8      | Found a white marble altar of Elyvilon.
  9542 | Temple   | Entered the Ecumenical Temple
  9634 | Temple   | Became a worshipper of Dithmenos the Shadowed
  9807 | D:8      | Noticed a komodo dragon
  9818 | D:8      | Found a sacrificial altar of Ru.
  9830 | D:8      | Reached skill level 1 in Fighting
  9835 | D:8      | Killed a komodo dragon
  9836 | D:8      | Reached skill level 12 in Stealth
  9849 | D:8      | Reached XP level 10. HP: 11/46 MP: 25/25
 10328 | D:8      | Found an ornate altar of the Wu Jian Council.
 10328 | D:8      | Noticed a two-headed ogre
 10343 | D:8      | Killed a two-headed ogre
 10688 | D:8      | Found a staircase to the Lair.
 11198 | D:9      | Reached skill level 5 in Dodging
 11262 | D:9      | Reached * piety under Dithmenos
 11495 | D:9      | Found a shimmering altar of Xom.
 11842 | D:10     | Entered Level 10 of the Dungeon
 11959 | D:10     | Noticed a two-headed ogre
 11966 | D:10     | Killed a two-headed ogre
 11967 | D:10     | Reached skill level 13 in Stealth
 12649 | D:10     | Reached XP level 11. HP: 52/52 MP: 27/27
 13098 | D:11     | Reached skill level 5 in Short Blades
 13363 | D:11     | Noticed a centaur warrior
 13372 | D:11     | Reached ** piety under Dithmenos
 13380 | D:11     | Killed a centaur warrior
 13580 | D:11     | Learned a level 3 spell: Summon Guardian Golem
 13801 | D:11     | Found a portal to a secret trove of treasure.
 14095 | D:11     | Noticed a boulder beetle
 14291 | D:12     | Found Kaokes's Armour Emporium.
 14295 | D:12     | Noticed a boulder beetle
 14304 | D:12     | Killed a boulder beetle
 14305 | D:12     | Reached skill level 14 in Stealth
 14316 | D:12     | Found a gate leading to a gauntlet.
 14341 | Gauntlet | Entered a Gauntlet
 14341 | Gauntlet | Found a transporter.
 14341 | Gauntlet | Found a transporter.
 14496 | Gauntlet | Found a transporter.
 14499 | Gauntlet | Found a transporter.
 14511 | Gauntlet | Found a transporter.
 14513 | Gauntlet | Found a transporter.
 14523 | Gauntlet | Found a transporter.
 14528 | Gauntlet | Found a transporter.
 14547 | Gauntlet | Found a transporter.
 14551 | Gauntlet | Found a transporter.
 14561 | Gauntlet | Found a transporter.
 14565 | Gauntlet | Found a transporter.
 14722 | Gauntlet | Identified the ring of Reimbursement {rN+ MP+9}
 15142 | Gauntlet | Identified the +10 war axe of the Shrike {vamp, Str+3
                  | Dex+2}
 15142 | Gauntlet | Identified the ring "Cuoxant" {rF+ Will+ Str+5 Int+3
                  | Stlth+}
 15142 | Gauntlet | Noticed a minotaur
 15161 | Gauntlet | Killed a minotaur
 15476 | D:12     | Found a staircase to the Orcish Mines.
 15731 | D:12     | Noticed a two-headed ogre
 15736 | D:12     | Killed a two-headed ogre
 15775 | D:12     | Noticed an eight-headed hydra
 15778 | D:12     | Killed an eight-headed hydra
 15792 | D:12     | Identified the +9 rapier of Compound Interest {venom, rN+
                  | Will+ Int+2}
 15975 | D:12     | Noticed a deep elf pyromancer
 15979 | D:12     | Killed a deep elf pyromancer
 15980 | D:12     | Reached skill level 5 in Fighting
 15980 | D:12     | Reached XP level 12. HP: 60/60 MP: 29/29
 16137 | D:12     | Noticed a seven-headed hydra
 16211 | D:12     | Killed a seven-headed hydra
 16571 | D:12     | Noticed a centaur warrior
 16576 | D:12     | Killed a centaur warrior
 16578 | D:12     | Reached skill level 15 in Stealth
 16987 | D:12     | Upgraded the game from 0.28-a0-1233-g92def6ad0a to
                  | 0.28-a0-1234-g826d19b2e0
 17194 | D:13     | Acquired the +0 hat of the Rambutan {rF+}
 17244 | D:13     | Noticed a centaur warrior
 17248 | D:13     | Killed a centaur warrior
 17634 | D:13     | Reached *** piety under Dithmenos
 17665 | D:13     | Found a gate to the Vaults.
 17755 | D:13     | Noticed a two-headed ogre
 17871 | D:13     | Noticed a two-headed ogre
 17894 | D:13     | Killed a two-headed ogre
 17915 | D:13     | Killed a two-headed ogre
 17916 | D:13     | Reached skill level 10 in Dodging
 18058 | D:13     | Noticed an ogre mage
 18068 | D:13     | Killed an ogre mage
 18089 | D:13     | Reached XP level 13. HP: 35/65 MP: 31/31
 18097 | D:13     | Reached skill level 16 in Stealth
 18460 | D:13     | Found Roevem Juafa's Weapon Shop.
 19515 | D:14     | Reached **** piety under Dithmenos
 19689 | Lair:1   | Entered Level 1 of the Lair of Beasts
 20582 | Lair:2   | Found a staircase to the Shoals.
 20900 | Lair:2   | Found a hole to the Spider Nest.
 21034 | Lair:2   | Reached skill level 17 in Stealth
 21839 | Lair:3   | Reached XP level 14. HP: 57/72 MP: 27/33
 23206 | Lair:3   | Learned a level 2 spell: Static Discharge
 23213 | Lair:3   | Learned a level 5 spell: Summon Mana Viper
 23215 | Lair:3   | Learned a level 1 spell: Apportation
 23334 | Lair:4   | Reached ***** piety under Dithmenos
 23612 | Lair:4   | Found a shadowy altar of Dithmenos.
 23677 | Lair:4   | Reached skill level 10 in Short Blades
 24150 | Lair:4   | Reached skill level 1 in Summonings
 25316 | Lair:6   | Entered Level 6 of the Lair of Beasts
 25424 | Lair:6   | Found a dark tunnel.
 25434 | Volcano  | Entered a volcano
 26239 | Lair:6   | Reached skill level 18 in Stealth
 26465 | Lair:6   | Found a staircase to the Slime Pits.
 27073 | Lair:6   | Reached skill level 15 in Hexes
 27141 | Lair:6   | Reached XP level 15. HP: 66/77 MP: 30/34
 27783 | Orc:1    | Entered Level 1 of the Orcish Mines
 27799 | D:12     | Reached skill level 15 in Spellcasting
 27861 | Orc:1    | You fall into a shaft and drop 1 floor!
 27861 | Orc:2    | Entered Level 2 of the Orcish Mines
 27861 | Orc:2    | Found Saer's Book Boutique.
 27861 | Orc:2    | Found Ympof's Armour Shop.
 28228 | Orc:1    | Found a runed translucent door.
 28228 | Orc:1    | Found a shimmering altar of Xom.
 28228 | Orc:1    | Noticed Tist's ghost (journeyman GnWr)
 28240 | Orc:1    | Killed Tist's ghost
 28772 | Orc:2    | Noticed Erolcha
 28777 | Orc:2    | Killed Erolcha
 28801 | Orc:2    | Noticed Jorgrun
 28823 | Orc:2    | Killed Jorgrun
 29615 | Orc:2    | Reached ****** piety under Dithmenos
 30426 | Orc:2    | Found Jeligor's Armour Shop.
 30439 | Orc:2    | Found Yhoagub's General Store.
 30596 | Orc:2    | Bought an amulet of regeneration for 450 gold pieces
 30694 | Orc:2    | Found a staircase to the Elven Halls.
 30961 | D:15     | Entered Level 15 of the Dungeon
 30978 | D:15     | Noticed Kirke
 30980 | D:15     | Killed Kirke
 31334 | D:15     | Reached skill level 19 in Stealth
 32262 | D:15     | Gained mutation: You have a pair of small antennae on your
                  | head. [a shining eye]
 32279 | D:15     | Found a staircase to the Depths.
 32726 | Shoals:1 | Entered Level 1 of the Shoals
 32729 | Shoals:1 | Noticed Frances
 32732 | Shoals:1 | Killed Frances
 32788 | Shoals:1 | Noticed Nikola
 33235 | Shoals:1 | Noticed Donald
 33278 | Shoals:1 | Killed Donald
 33279 | Shoals:1 | Reached XP level 16. HP: 31/84 MP: 28/36
 33652 | Shoals:1 | Killed from afar by Nikola

Illustrated notes

Levels and vault maps discovered:
D:1:      dpeg_arrival_lava_altar, layout_loops_cross,
          shapermc_ecumenical_altar_acropolis, minmay_close_crescents
D:2:      layout_basic, serial_bayou_crossing, uniq_sigmund, uniq_robin
D:3:      layout_basic, lemuel_crystal_altar, serial_bayou, serial_bayou_pond_e,
          serial_bayou_pond_b, serial_bayou_lagoon_a, serial_bayou_shore_a
D:4:      layout_basic, lightli_temple_of_fire,
          gammafunk_temple_overflow_elements, minmay_temple_entry_trees,
          serial_shops, kennysheep_little_box, uniq_duvessa,
          uniq_crazy_yiuf_cottage, uniq_ijyb
D:5:      layout_layer_cave, grunt_temple_overflow_holy_war, serial_shops,
          nicolae_shop_behind_doors, minivault_23
D:6:      layout_gridville, serial_glass, glass_columns_a, glass_columns_c,
          glass_columns_b, glass_columns_b, glass_columns_b
D:7:      layout_rooms, serial_shops, shop, uniq_pikel
D:8:      layout_layer_cave, marbit_many_paths,
          mainiacjoe_overflow_six_doors_small, nicolae_overflow_crystal_walls,
          grunt_lair_entry_orc_guard_hut
D:9:      layout_basic, brannock_xom_greatest_gift, nicolae_sextant
D:10:     layout_stronghold, fungi_pond_lemuel
D:11:     layout_long_grid, nicolae_trove_entry_crystal
D:12:     layout_basic, orc_0_dummy, gauntlet_entry_generic, serial_shops,
          nicolae_shop_crystal, minivault_25, grunt_ministairs_10
D:13:     layout_cave_pools, hangedman_vaults_entry_quadrant_bands,
          serial_shops, nicolae_shop_behind_doors
D:14:     layout_rooms, corexii_corridor_pit
D:15:     gammafunk_enter_depths_forms, layout_grid_maze, minivault_23,
          roderic_serpentine_path, uniq_kirke
Temple:   nicolae_temple_hex_pool
Lair:1:   layout_gridlike, lemuel_another_geyser
Lair:2:   layout_gridlike, minmay_shoals_entry_beasts, spider_nest_entry_webs
Lair:3:   layout_cave_pods, kennysheep_basilisk_garden, grunt_megastairs_1
Lair:4:   layout_cave_pods, basic_altar, st_stairs_4,
          nicolae_quartered_pool_impasse, lemuel_fruit_tree, grunt_megastairs_2
Lair:5:   layout_small_grid
Lair:6:   grunt_lair_end_beastmaster, layout_long_grid, dpeg_slime_entry_corner,
          nicolae_volcano_entry_two_sided
Shoals:1: layout_shoals, nicolae_splish_splash, uniq_frances, uniq_donald,
          uniq_nikola
Orc:1:    layout_diamond_mine, ebering_ghost_xom, minmay_orc_temple_a
Orc:2:    st_orc_mages, layout_diamond_mine, basic_altar, lemuel_statue_altar,
          uniq_jorgrun, uniq_erolcha

Skill      XL: |  1  2  3  4  5  6  7  8  9 10 11 12 13 14 15 16 |
---------------+-------------------------------------------------+-----
Spellcasting   | 3 5 6 7 9 10 11 12 13 14 15 | 15.8
Hexes          | 4 5 6 7 9 10 11 12 13 14 15 16 | 16.0
Stealth        | 5 6 8 10 12 13 14 15 17 18 19 | 19.5
Dodging        | 4 6 8 10 11 12 14 | 14.3
Fighting       | 1 3 5 6 7 8 9 |  9.2
Short Blades   | 2 4 6 8 9 10 11 | 11.8
Summonings     | 2 4 |  4.5

Action                   |  1- 3 |  4- 6 |  7- 9 | 10-12 | 13-15 | 16-18 || total
-------------------------+-------+-------+-------+-------+-------+-------++-------
Melee: Dagger            |    82 |   114 |       |       |       |       ||   196
       Quick blade       |       |    79 |   215 |   346 |  1455 |    78 ||  2173
 Cast: Ensorcelled Hiber |     5 |    24 |    15 |    85 |   128 |     6 ||   263
       Tukima's Dance    |       |     6 |     6 |    29 |    41 |     8 ||    90
       Dazzling Flash    |       |       |       |     5 |     2 |       ||     7
Invok: Shadow Step       |       |       |       |       |     9 |     1 ||    10
Evoke: Wand              |       |     1 |     2 |    11 |    29 |     9 ||    52
       Box of beasts     |       |       |       |     1 |     1 |       ||     2
       Phial of floods   |       |       |       |       |     1 |       ||     1
       Phantom mirror    |       |       |       |       |     2 |       ||     2
  Use: Scroll            |     3 |    12 |     7 |    11 |    17 |     1 ||    51
       Potion            |     1 |     2 |     1 |     5 |     6 |     2 ||    17
 Stab: Sleeping          |     4 |    25 |    22 |    62 |   173 |     6 ||   292
       Invisible         |     1 |       |       |     2 |     2 |       ||     5
       Distracted        |       |       |     6 |     2 |    13 |     1 ||    22
Armor: Robe              |    11 |    14 |    28 |       |       |       ||    53
       Steam dragon scal |       |       |     6 |    56 |   120 |     5 ||   187
Dodge: Dodged            |    87 |   105 |   108 |   284 |   761 |    40 ||  1385

Table legend: (Time is in decaauts)
 A = Elapsed time spent in this place.
 B = Non-inter-level travel time spent in this place.
 C = Inter-level travel time spent in this place.
 D = Time resting spent in this place.
 E = Time spent auto-exploring this place.
 F = Levels seen in this place.
 G = Mean time per level.
                   A        B        C        D        E       F      G
               +--------+--------+--------+--------+--------+-----+--------+
         Total |  24838 |  23777 |   1061 |   6019 |  13431 |  27 |  919.9 |
       Dungeon |  15302 |  14522 |    780 |   2859 |   9133 |  15 | 1020.1 |
        Temple |     63 |     56 |      7 |      0 |     37 |   1 |   63.0 |
          Lair |   4882 |   4658 |    224 |    809 |   3049 |   6 |  813.7 |
        Shoals |    589 |    589 |      0 |    117 |    204 |   1 |  589.0 |
  Orcish Mines |   2419 |   2371 |     48 |   1162 |    764 |   2 | 1209.5 |
       Volcano |    572 |    572 |      0 |    436 |     10 |   1 |  572.0 |
      Gauntlet |   1008 |   1008 |      0 |    635 |    233 |   1 | 1008.0 |
               +--------+--------+--------+--------+--------+-----+--------+

Top non-repeatable levels by time:
     D:2: 1904 daAuts
   Orc:1: 1662 daAuts
    D:11: 1421 daAuts
    D:13: 1357 daAuts
    D:12: 1253 daAuts
  Lair:3: 1229 daAuts
     D:5: 1080 daAuts
     D:6: 1066 daAuts
    D:15: 1040 daAuts
     D:8: 1026 daAuts
     D:1: 1009 daAuts
Gauntlet: 1008 daAuts
  Lair:6: 908 daAuts
  Lair:2: 879 daAuts
     D:4: 840 daAuts
